 Seeded DCSS version 0.29-a0-775-g4d7333d4e2 (webtiles) character file.

Game seed: 20220702 (custom seed)

65 gobodom the Grave Robber (level 3, -4/25 HPs)
             Began as a Demonspawn Necromancer on July 2, 2022.
             Killed from afar by Sigmund (14 damage)
             ... with a bolt of light
             ... on level 2 of the Dungeon.
             The game lasted 00:06:30 (1664 turns).

gobodom the Grave Robber (Demonspawn Necromancer)   Turns: 1664, Time: 00:06:33

Health: -4/25      AC:  6    Str: 10    XL:     3   Next: 94%
Magic:  1/6        EV: 12    Int: 16    God:
Gold:   66         SH:  0    Dex: 13    Spells: 4/6 levels left

rFire   + . .      SeeInvis .   i - +3 mace
rCold   + . .      Faith    .   (no shield)
rNeg    . . .      Spirit   .   a - +0 robe
rPois   +          Reflect  .   (no helmet)
rElec   .          Harm     .   e - scarf {rC+ rF+}
rCorr   .          Rampage  .   (no gloves)
Will    .....                   (no boots)
Stlth   ++........              (no amulet)
HPRegen 0.08/turn               d - +4 ring of protection
MPRegen 0.10/turn               h - ring of poison resistance

@: no status effects
A: hooves 1, demonic magic 1
a: no special abilities


You were on level 2 of the Dungeon.
You visited 1 branch of the dungeon, and saw 2 of its levels.

You collected 94 gold pieces.
You spent 28 gold pieces at shops.

Inventory:

Hand Weapons
 i - a +3 mace (weapon)
Missiles
 j - 6 poisoned darts
 k - 5 curare-tipped darts
Armour
 a - a +0 robe (worn)
 e - a scarf of resistance (worn)
Jewellery
 d - a +4 ring of protection (left hand)
 h - a ring of poison resistance (right hand)
 l - a ring of fire
 m - a +6 ring of intelligence
Scrolls
 f - a scroll of summoning {unknown}
 g - a scroll of enchant weapon {unknown}
 n - a scroll of teleportation {unknown}
Potions
 b - a potion of magic
 c - a potion of flight


   Skills:
 + Level 0.4 Fighting
 + Level 1.2 Maces & Flails
 + Level 2.1 Dodging
 + Level 2.0 Stealth
 + Level 2.4 Spellcasting
 + Level 5.1 Necromancy


You had 4 spell levels left.
You knew the following spells:

 Your Spells              Type           Power      Damage    Failure   Level
a - Necrotize             Necr           72%        1d7       2%          1
b - Sandblast             Erth           2%         2d4       21%         1

Your spell library contained the following spells:

 Spells                   Type           Power      Damage    Failure   Level
 Vampiric Draining        Necr           18%        2d7       8%          3
 Animate Dead             Necr           18%        N/A       24%         4
 Passwall                 Tmut/Erth      0%         N/A       30%         2
 Static Discharge         Conj/Air       1%         3-4/arc   30%         2
 Stone Arrow              Conj/Erth      2%         3d7       52%         3
 Agony                    Necr           18%        N/A       56%         5
 Lightning Bolt           Conj/Air       0%         1d11      99%         5
 Maxwell's Capacitive Co  Air            0%         ∞         100%        8


Dungeon Overview and Level Annotations

Branches:
Dungeon (2/15)

Altars:

Shops:
D:2 ?

Annotations:
D:2 Sigmund


Innate Abilities, Weirdness & Mutations

You have large cloven feet.
Spells you cast may paralyse adjacent enemies.


Message History

Okay, then.
You barely miss the adder. The adder closely misses you. x2
Sigmund flickers, as though insubstantial.
Sigmund casts a spell.
Sigmund flickers and vanishes!
Deactivating autopickup; reactivate with Ctrl-A.
You miss the adder. The adder closely misses you.
The adder bites you but does no damage. The adder barely misses you.
A goblin and 2 gnolls come into view.
A gnoll is wielding a +3 halberd of flaming.
Found 17 gold pieces.
The gnoll shouts! x2; You hear a shout!
The gnoll moves out of view.
The adder attacks as you move away! The adder bites you but does no damage.
The adder barely misses you. The adder attacks as you move away!
The adder closely misses you.
You barely miss the adder. Your kick misses the adder. The adder misses you.
The adder bites you but does no damage.
You closely miss the adder. The adder bites you but does no damage.
Something hits you! The adder barely misses you.
The adder writhes in agony.
Malevolent energies surge around you. The adder bites you but does no damage.
Something hits you!
You are too injured to fight recklessly!
You are too injured to fight recklessly!
Casting: Necrotize (safe; 2% risk of failure)
Confirm with . or Enter, or press ? or * to list all spells.
Aiming: Necrotize (safe; 2% risk of failure)
Press: ? - help, Shift-Dir - straight line, f/p - adder
Aim: an adder (severely wounded, chance to affect: 83%)
The adder writhes in agony.
You kill the adder!
Malevolent energies surge around you.
The dead are slithering!
You hear a zap.
A bolt of light appears from out of thin air!
The bolt of light hits your adder skeleton!
Your adder skeleton is destroyed!
The bolt of light hits you!
Ouch! That really hurt!
You die...

#g #....>.... #.
#......... #.
#...#.....
#.###.####
#####....>
#$.......#
#.....
######.#g#
#.....
##.....#{#
#.....
#....###.#
#.....
#..#.###@#
######
####..##+#####
#....8.<....)#
#.)##........#
#w.8.∩<8.....#
....###........#
##### ....
#8.......#
#####...< ....
#........#
#...#.... ....
#........#
#.#.#....


You could see a gnoll.

Vanquished Creatures
  4 adders (D:2)
  A dart slug (D:2)
  2 bats (D:2)
  2 endoplasms
  A giant cockroach (D:2)
  2 goblins (D:2)
  A hobgoblin (D:1)
  7 kobolds
  A quokka (D:1)
  3 rats
24 creatures vanquished.

Vanquished Creatures (collateral kills)
  2 hobgoblins
  A bat (D:1)
  A frilled lizard (D:2)
4 creatures vanquished.

Grand Total: 28 creatures vanquished

Notes
Turn   | Place    | Note
-------+----------+-------------------------------------------
     0 | D:1      | gobodom the Demonspawn Necromancer began the quest for the
                  | Orb.
     0 | D:1      | Reached XP level 1. HP: 13/13 MP: 3/3
   895 | D:1      | Gained mutation: Spells you cast may paralyse adjacent
                  | enemies. [demonic ancestry]
   895 | D:1      | Reached XP level 2. HP: 19/19 MP: 1/5
  1051 | D:1      | You fall into a shaft and drop 1 floor!
  1244 | D:2      | Reached skill level 5 in Necromancy
  1244 | D:2      | Discovered your monstrous ancestry.
  1244 | D:2      | Gained mutation: You have large cloven feet. [demonic
                  | ancestry]
  1244 | D:2      | Reached XP level 3. HP: 23/24 MP: 6/6
  1269 | D:2      | Reached skill level 1 in Maces & Flails
  1368 | D:2      | Learned a level 1 spell: Sandblast
  1587 | D:2      | Found Qathairgh's Magic Scroll Shoppe.
  1630 | D:2      | Bought a scroll of identify for 28 gold pieces
  1648 | D:2      | Noticed Sigmund
  1664 | D:2      | Killed from afar by Sigmund

Illustrated notes

Levels and vault maps discovered:
D:1:      scummos_arrival_simple_fountains, layout_loops_ring,
          amcnicky_mini_rare_corridor_liquid
D:2:      minmay_diamond_boxcup, layout_basic, serial_shops,
          nicolae_shop_statue_plus, uniq_sigmund

Skill      XL: |  1  2  3 |
---------------+----------+-----
Dodging        | 2 |  2.1
Necromancy     | 5 |  5.1
Maces & Flails | 1 |  1.2
Stealth        | 2 |  2.0
Fighting       | |  0.4
Spellcasting   | |  2.4

Action                   || total
-------------------------++-------
Melee: Mace              ||    31
       Unarmed           ||    10
       Kick              ||     3
 Cast: Necrotize         ||    25
       Sandblast         ||     5
  Use: Scroll            ||     1
 Stab: Paralysed         ||     3
Armor: Robe              ||    15
Dodge: Dodged            ||    44

Table legend: (Time is in decaauts)
 A = Elapsed time spent in this place.
 B = Non-inter-level travel time spent in this place.
 C = Inter-level travel time spent in this place.
 D = Time resting spent in this place.
 E = Time spent auto-exploring this place.
 F = Levels seen in this place.
 G = Mean time per level.
                   A        B        C        D        E       F      G
               +--------+--------+--------+--------+--------+-----+--------+
         Total |   1679 |   1626 |     53 |      0 |   1247 |   2 |  839.5 |
       Dungeon |   1679 |   1626 |     53 |      0 |   1247 |   2 |  839.5 |
               +--------+--------+--------+--------+--------+-----+--------+

Top non-repeatable levels by time:
     D:1: 1122 daAuts
     D:2: 556 daAuts
